 Dungeon Crawl Stone Soup version 0.20-a0-899-g09a9bfb (webtiles) character file.

2975 esteth the Destroyer (level 9, -11/45 HPs)
             Began as a Deep Elf Fire Elementalist on Mar 18, 2017.
             Was an Initiate of Vehumet.
             Killed by nerve-wracking pain
             ... invoked by a shadow imp
              (12 damage)
             ... on level 7 of the Dungeon.
             The game lasted 00:18:15 (7931 turns).

esteth the Destroyer (Deep Elf Fire Elementalist)   Turns: 7931, Time: 00:18:15

Health: -11/45     AC:  8    Str:  5    XL:     9   Next: 53%
Magic:  3/22       EV: 13    Int: 27    God:    Vehumet [......]
Gold:   293        SH:  0    Dex: 15    Spells: 12/22 levels left

rFire    . . .     SeeInvis .   F - staff of conjuration
rCold    . . .     Gourm    .   a - +0 robe
rNeg     . . .     Faith    .   (no shield)
rPois    .         Spirit   .   (no helmet)
rElec    .         Reflect  .   t - +2 cloak
rCorr    .         Harm     +   (no gloves)
MR       .....                  (no boots)
Stlth    ++........             r - amulet of harm
Regen    0.2/turn               C - +3 ring of protection
MPRegen  0.2/turn               u - +3 ring of intelligence

@: no status effects
A: no striking features
a: Renounce Religion


You were on level 7 of the Dungeon.
You worshipped Vehumet.
Vehumet was noncommittal.
You were very hungry.

You visited 2 branches of the dungeon, and saw 8 of its levels.

You collected 293 gold pieces.

Inventory:

Armour
 a - a +0 robe (worn)
 t - a +2 cloak (worn)
Magical Staves
 F - an uncursed staff of conjuration (weapon)
Jewellery
 r - an amulet of harm (around neck)
 u - a +3 ring of intelligence (left hand)
 B - an uncursed ring of stealth
 C - a +3 ring of protection (right hand)
 E - a +2 ring of protection
Wands
 g - a wand of acid (11/15)
 o - a wand of acid (9/15)
 A - a wand of flame (34/48)
Scrolls
 d - a scroll of random uselessness {unknown}
 e - 2 scrolls of enchant armour {unknown}
 j - 7 scrolls of identify {unknown}
 p - 9 scrolls of remove curse {unknown}
 s - a scroll of amnesia
 x - a scroll of noise {unknown}
 y - a scroll of enchant weapon {unknown}
 z - 2 scrolls of teleportation {unknown}
Potions
 f - a potion of degeneration {unknown}
 h - a potion of magic {unknown}
 k - 2 potions of mutation {unknown}
 m - 3 potions of curing {unknown}
 n - a potion of invisibility {unknown}
 v - 2 potions of flight {unknown}
Books
 b - a book of Flames

   Spells                             Type                      Level
   a - Flame Tongue                   Conjuration/Fire             1
   b - Throw Flame                    Conjuration/Fire             2
   c - Conjure Flame                  Conjuration/Fire             3
   d - Inner Flame                    Hexes/Fire                   3
   e - Sticky Flame                   Conjuration/Fire             4
   f - Fireball                       Conjuration/Fire             5
Comestibles
 c - 5 bread rations
 l - 5 royal jellies
 q - a fruit
 w - a meat ration


   Skills:
 - Level 2.4 Dodging
 - Level 2.4 Stealth
 - Level 7.3 Spellcasting
 + Level 11.8 Conjurations
 - Level 6.7 Fire Magic


You had 12 spell levels left.
You knew the following spells:

 Your Spells              Type           Power        Failure   Level  Hunger
a - Flame Tongue          Conj/Fire      #####        1%          1    None
b - Sticky Flame          Conj/Fire      ######..     1%          4    ##.....
c - Fireball              Conj/Fire      ######....   3%          5    #####..


Dungeon Overview and Level Annotations

Branches:
Dungeon (7/15)             Temple (1/1) D:6

Altars:
Ashenzari
Cheibriados
Dithmenos
Elyvilon
Fedhas
Gozag
Hepliaklqana
Kikubaaqudgha
Makhleb
Nemelex Xobeh
Okawaru
Ru
Sif Muna
Trog
Uskayaw
Vehumet
Wu Jian
Xom
Yredelemnul
Zin
The Shining One

Shops:
D:6 *}:

Annotations:
D:2 Sigmund
D:5 exclusion: crimson imp


Message History

Okay, then.
As you read the scroll labeled ZOKOSO FUDUPHOF, it crumbles to dust.
It is a scroll of amnesia.
Forget which spell ([?*] list [ESC] exit)?
Forget which spell ([?*] list [ESC] exit)?
Okay, then.
Joseph burns!
You kill Joseph!
Vehumet accepts your kill. The centaur warrior zombie hits you.
* * * LOW HITPOINT WARNING * * *
The crimson imp barely misses you. The shadow imp gestures at you.
You resist with significant effort.
A centaur warrior zombie comes into view.
The hellwing swoops through the air toward you!
The hellwing misses you. The hellwing completely misses you.
The shadow imp gestures at you. Pain shoots through your body!
You die...

#.######........[....>#
#.................###.#
#.#######.##.##.#####.#
#.# #.##.##.......# #.#
#....##..###### #.#
###..##..# #.# #..##..#
#.# #4.##..#
#.#########@.##..#
######.......(5Z..##..#
........#####..#)###..#
#######.# #..#5# #..#
#.# #..#.# #[.# #5#
#..#.. #..# #.#
#...Z...... ####.#
...P....8.. #....#
..Z......P.


You could see a hellwing, a crimson imp, a shadow imp, a redback zombie
(wandering) and a centaur warrior zombie.

Vanquished Creatures
  A wolf spider zombie (D:7)
  A centaur zombie (D:7)
  Joseph (D:7)
  A centaur skeleton (D:7)
  A hornet (D:5)
  An orc warrior (D:7)
  A sky beast (D:5)
  An ice beast (D:6)
  A black bear (D:4)
  A phantom (D:7)
  An ogre (D:4)
  A centaur (D:5)
  A wyvern skeleton (D:7)
  A howler monkey (D:4)
  2 bullfrog skeletons
  4 hounds
  3 orc wizards (D:4)
  2 iguanas
  Natasha (thrice) (D:2)
  2 worker ants
  7 gnolls
  12 adders
  A shadow imp (D:7)
  5 worms
  8 leopard geckos
  27 orcs
  3 ball pythons
  4 giant cockroaches
  8 goblins
  6 hobgoblins
  5 jackals
  8 kobolds
  3 quokkas
  12 bats
  6 frilled lizards
  A jackal zombie (D:5)
  A leopard gecko skeleton (D:4)
  A quokka zombie (D:7)
  7 rats
155 creatures vanquished.

Notes
Turn   | Place    | Note
-------+----------+-------------------------------------------
     0 | D:1      | esteth the Deep Elf Fire Elementalist began the quest for the Orb.
     0 | D:1      | Reached XP level 1. HP: 10/10 MP: 6/6
   106 | D:1      | Reached skill level 2 in Conjurations
   146 | D:1      | Reached XP level 2. HP: 15/15 MP: 6/8
   690 | D:1      | Reached skill level 3 in Conjurations
   881 | D:2      | Reached XP level 3. HP: 19/19 MP: 7/9
  1285 | D:2      | Found a sacrificial altar of Ru.
  1374 | D:2      | Reached skill level 4 in Conjurations
  1398 | D:2      | Noticed Sigmund
  1436 | D:2      | Found a shimmering altar of Xom.
  1518 | D:2      | Noticed Natasha
  1524 | D:2      | Killed Natasha
  1524 | D:2      | Reached XP level 4. HP: 24/24 MP: 1/10
  1630 | D:2      | Noticed Natasha
  1641 | D:2      | Killed Natasha
  1641 | D:2      | Reached skill level 5 in Conjurations
  1772 | D:2      | Noticed Natasha
  1773 | D:2      | Killed Natasha
  1773 | D:2      | Reached XP level 5. HP: 28/28 MP: 3/11
  2535 | D:3      | Found a white marble altar of Elyvilon.
  3081 | D:3      | Learned a level 4 spell: Sticky Flame
  3263 | D:3      | Found an iron altar of Okawaru.
  3692 | D:4      | Reached XP level 6. HP: 32/32 MP: 8/12
  3698 | D:4      | Reached skill level 5 in Fire Magic
  4179 | D:4      | Found a deep blue altar of Sif Muna.
  4333 | D:4      | Found a blossoming altar of Fedhas.
  4598 | D:4      | Reached XP level 7. HP: 33/36 MP: 9/13
  4628 | D:4      | Learned a level 5 spell: Fireball
  4759 | D:4      | Found a hazy altar of Hepliaklqana.
  5017 | D:4      | Found an ornate altar of the Wu Jian Council.
  5037 | D:4      | Reached skill level 5 in Spellcasting
  5244 | D:5      | Entered Level 5 of the Dungeon
  5386 | D:5      | Found a glowing golden altar of the Shining One.
  5391 | D:5      | Found a burning altar of Makhleb.
  5425 | D:5      | Noticed a hornet
  5431 | D:5      | Killed a hornet
  5661 | D:5      | Reached skill level 6 in Conjurations
  5661 | D:5      | Reached XP level 8. HP: 24/41 MP: 12/21
  6085 | D:6      | Found Juem's Book Emporium.
  6289 | D:6      | Found Sokusoso's Gadget Shop.
  6295 | D:6      | Reached skill level 7 in Conjurations
  6485 | D:6      | Found Binovife's General Store.
  6700 | D:6      | Found a staircase to the Ecumenical Temple.
  6761 | Temple   | Entered the Ecumenical Temple
  6766 | Temple   | Became a worshipper of Vehumet
  7056 | D:7      | Reached skill level 8 in Conjurations
  7538 | D:7      | Reached skill level 9 in Conjurations
  7624 | D:7      | Noticed Joseph
  7639 | D:7      | Reached skill level 10 in Conjurations
  7639 | D:7      | Reached XP level 9. HP: 15/45 MP: 12/22
  7645 | D:7      | Reached skill level 11 in Conjurations
  7926 | D:7      | Noticed a hellwing
  7930 | D:7      | Killed Joseph
  7930 | D:7      | HP: 1/45 [centaur warrior zombie (2)]
  7931 | D:7      | Killed from afar by a shadow imp

Vault maps used:
D:1:      lightli_arrival_maybe_door_vault, hangedman_decor_riveting,
          minmay_misc_feat_pillars, roderic_whirl
D:2:      nicolae_ru_great_annihilating_truth, xom_butterflies,
          serial_co_window_serial, co_window_cross_1, co_window_corner_a,
          co_window_of_opportunity_a, co_window_paths_a, co_window_corner_a,
          co_window_paths_a, co_window_paths_b, co_window_paths_c,
          co_window_of_opportunity_b, co_window_of_opportunity_b,
          co_window_paths_c, co_window_2corner, co_window_corner_ca,
          co_window_4corner_b, glass_columns_b, glass_columns_a,
          glass_columns_b, uniq_natasha, uniq_sigmund
D:3:      elyvilon_altar_1, lemuel_coloured_pillars_altar,
          corexii_hall_statues_i
D:4:      lemuel_round_altar, nicolae_overflow_crystal_walls,
          lemuel_blue_sif_altar, lemuel_round_altar, first_bread,
          serial_corexii_hall, corexii_hall_statues_i, corexii_hall_statues_x
D:5:      chequers_temple_overflow_statue_of_worship, roderic_lattice_a
D:6:      minmay_temple_entry_crystal_x, serial_shops, shop, shop,
          nicolae_shop_trees
D:7:      cheibrodos_grave_circle, grunt_livestock, uniq_joseph
Temple:   minmay_freezing_vapour_temple

Skill      XL: |  1  2  3  4  5  6  7  8  9 |
---------------+----------------------------+-----
Conjurations   | 2 3 4 5 6 10 11 | 11.8
Fire Magic     | 4 6 |  6.7
Spellcasting   | 7 |  7.3
Dodging        | |  2.4
Stealth        | |  2.4

Action                   |  1- 3 |  4- 6 |  7- 9 || total
-------------------------+-------+-------+-------++-------
Melee: Unarmed           |     3 |       |       ||     3
       Staff             |       |       |     5 ||     5
 Cast: Flame Tongue      |    72 |   125 |   110 ||   307
       Sticky Flame      |       |     4 |    25 ||    29
  Use: Potion            |       |     1 |     2 ||     3
       Scroll            |       |       |     1 ||     1
  Eat: Chunk             |     2 |    10 |    10 ||    22
Armor: Robe              |     5 |     3 |    21 ||    29
Dodge: Dodged            |    23 |    34 |    51 ||   108
